 Dungeon Crawl Stone Soup version 0.31-a0-339-gda1cbd555d (webtiles) character file.

Game seed: 14435654961177621070

168 Newt the Shooter (level 5, 0/35 HPs)
             Began as a Kobold Hunter on July 20, 2023.
             Was an Initiate of Hepliaklqana.
             Slain by an ogre
             ... wielding a +0 giant spiked club
              (35 damage)
             ... on level 4 of the Dungeon.
             The game lasted 00:02:02 (2975 turns).

Newt the Shooter (Kobold Hunter)                    Turns: 2975, Time: 00:02:02

Health: 0/35       AC:  4    Str:  8    XL:     5   Next: 77%
Magic:  5/5        EV: 14    Int: 11    God:    Hepliaklqana [......]
Gold:   168        SH:  0    Dex: 20    Spells: 4/4 levels left

rFire   . . .        a - +1 shortbow
rCold   . . .        (shield currently unavailable)
rNeg    . . .        c - +0 leather armour
rPois   .            (helmet restricted)
rElec   .            (no cloak)
rCorr   +            (no gloves)
SInv    .            (no boots)
Will    +....        (no amulet)
Stlth   +++          o - ring of resist corrosion
HPRegen 1.05/turn    (no ring)
MPRegen 0.09/turn

%: no passive effects
@: no status effects
A: small, no large weapons, nightstalker 3, horns 1, strong-willed 1,
regeneration 1, shaggy fur 1
a: Renounce Religion


You were on level 4 of the Dungeon.
You worshipped Hepliaklqana.
Hepliaklqana was noncommittal.
You visited 2 branches of the dungeon, and saw 5 of its levels.

You collected 168 gold pieces.

Inventory:

Hand Weapons
 a - a +1 shortbow (weapon)
Armour
 c - a +0 leather armour (worn)
Jewellery
 f - a ring of fire
 o - a ring of resist corrosion (left hand)
Scrolls
 b - a scroll of butterflies
Potions
 d - a potion of lignification
 g - a potion of heal wounds
 h - a potion of mutation
 i - a potion of curing
 j - a potion of cancellation
 k - a potion of resistance {unknown}
 l - a potion of invisibility {unknown}
 m - 2 potions of ambrosia {unknown}
 n - a potion of enlightenment {unknown}


   Skills:
 - Level 5.0 Fighting
 + Level 6.7 Ranged Weapons
 - Level 2.4 Dodging
 - Level 1.3 Stealth


You had 4 spell levels left.
You didn't know any spells.
Your spell library contained the following spells:

 Spells                   Type           Power      Damage    Failure   Level
 Poisonous Vapours        Pois/Air       0%         N/A       61%         2
 Dazzling Flash           Conj/Hex       0%         N/A       83%         3
 Mephitic Cloud           Conj/Pois/Air  0%         N/A       83%         3
 Volatile Blastmotes      Fire/Tloc      0%         2d10      83%         3
 Animate Dead             Necr           0%         N/A       99%         4
 Freezing Cloud           Conj/Ice/Air   0%         6-21      100%        5
 Starburst                Conj/Fire      0%         6d3       100%        6
 Haunt                    Necr/Summ      0%         N/A       100%        7
 Infestation              Necr           0%         N/A       100%        8
 Maxwell's Capacitive Co  Air            0%         ∞         100%        8


Dungeon Overview and Level Annotations

Branches:
Dungeon (4/15)             Temple (1/1) D:4

Altars:
Elyvilon
Fedhas
Gozag
Hepliaklqana
Kikubaaqudgha
Okawaru
Trog
Uskayaw
Vehumet
Wu Jian
Zin


Innate Abilities, Weirdness & Mutations

You are small and have problems with some larger weapons.
You are completely attuned to the shadows.
You have a pair of small horns on your head.
You are strong-willed. (Will+)
Your natural rate of healing is unusually fast.
You are covered in fur. (AC +1)


Message History

There is a hazy altar of Hepliaklqana here.
You kneel at the altar of Hepliaklqana.
You kneel at the altar of Hepliaklqana.
Hepliaklqana welcomes you!
(D) Dungeon (T) Temple
Where to? (Enter - Temple, ? - help)
There is a staircase back to the Dungeon here.
You climb upwards.
Welcome back to the Dungeon!
There is a staircase to the Ecumenical Temple here.
There is an open door here.
A ball python comes into view.
A ball python is nearby!
A ball python is nearby!
You shoot an arrow. The arrow hits the ball python.
The ball python hisses angrily.
The ball python is severely wounded.
You shoot an arrow.
The arrow closely misses the ball python.
You shoot an arrow. The arrow hits the ball python.
You kill the ball python!
A kobold comes into view. It is wielding a +0 whip.
You shoot an arrow. The kobold shouts!
The arrow hits the kobold!
You kill the kobold!
An ogre comes into view. It is wielding a +0 giant spiked club.
You shoot an arrow. The ogre shouts!
The arrow hits the ogre.
The ogre is lightly wounded.
You shoot an arrow. The arrow hits the ogre!
The ogre is moderately wounded.
An ogre is nearby!
An ogre is nearby!
You shoot an arrow. The arrow barely misses the ogre.
You shoot an arrow. The arrow hits the ogre.
The ogre is moderately wounded.
The ogre hits you with a +0 giant spiked club!!
Ouch! That really hurt!
You die...

.......†.....
..............
...............
.)..............
##............#......
.............###.....
............## #....
#.........## ##...
#..@.....## ##..
#.O.....## ##. ........##
.._._.. ## .......##
....... # .....†## #8.8#
#†..########8.8#####
#+####†..................
....#.........#.....#..##
....#.........#..........


You could see an ogre.

Vanquished Creatures
  An orc priest (D:3)
  Jessica (D:2)
  An iguana (D:3)
  An adder (D:3)
  3 worms
  2 dart slugs
  3 orcs (D:3)
  2 bats
  5 endoplasms
  2 giant cockroaches (D:1)
  3 goblins
  10 hobgoblins
  4 jackals (D:4)
  A quokka (D:1)
  6 ball pythons
  2 frilled lizards
  8 kobolds
  3 rats (D:1)
58 creatures vanquished.

Notes
Turn   | Place    | Note
-------+----------+-------------------------------------------
     0 | D:1      | Newt the Kobold Hunter began the quest for the Orb.
     0 | D:1      | Reached XP level 1. HP: 12/12 MP: 1/1
   205 | D:1      | Reached XP level 2. HP: 18/18 MP: 2/2
   502 | D:1      | Found an iron altar of Okawaru.
   621 | D:1      | Reached XP level 3. HP: 23/23 MP: 3/3
   804 | D:2      | Gained mutation: You are strong-willed. (Will+) [potion of
                  | mutation]
   804 | D:2      | Gained mutation: You have hidden genetic potential. [potion
                  | of mutation]
   804 | D:2      | Gained mutation: You are covered in fur. (AC +1) [potion of
                  | mutation]
  1017 | D:2      | Noticed Jessica
  1019 | D:2      | Killed Jessica
  1048 | D:2      | Reached XP level 4. HP: 30/30 MP: 4/4
  1053 | D:2      | Gained mutation: You have a pair of small horns on your
                  | head. [hidden potential]
  1296 | D:2      | Found a hide-covered altar of Uskayaw.
  1694 | D:3      | Reached skill level 5 in Fighting
  1694 | D:3      | Reached XP level 5. HP: 10/35 MP: 5/5
  1709 | D:3      | Gained mutation: Your natural rate of healing is unusually
                  | fast. [hidden potential]
  1709 | D:3      | Lost mutation: You have hidden genetic potential. [hidden
                  | potential expressed]
  2122 | D:3      | Reached skill level 6 in Ranged Weapons
  2811 | D:4      | Found a white marble altar of Elyvilon.
  2811 | D:4      | Found a glowing silver altar of Zin.
  2865 | D:4      | Found a staircase to the Ecumenical Temple.
  2905 | Temple   | Entered the Ecumenical Temple
  2916 | Temple   | Became a worshipper of Hepliaklqana the Forgotten
  2971 | D:4      | Noticed an ogre
  2975 | D:4      | Slain by an ogre

Illustrated notes

Levels and vault maps discovered:
D:1:      sevenhm_arrival_forest_fort_small_6, layout_basic,
          hangedman_glass_teeth
D:2:      layout_loops_ring, basic_altar, uniq_jessica
D:3:      layout_rooms, serial_co_window_serial, co_window_corner_a,
          co_window_paths_a, co_window_corner_a, co_window_paths_a,
          co_window_paths_a, co_window_of_opportunity_c, co_window_2corner,
          co_window_corner_ca, co_window_corner_ca, co_window_corner_b,
          co_window_broadway_b, co_window_4corner_a, co_window_sun,
          glass_columns_b, glass_columns_a, glass_columns_a, glass_columns_b,
          nrook_campfire
D:4:      layout_gridville, dreamdust_divine_triumvirate,
          mainiacjoe_overflow_24_doors, minmay_temple_entry_fiery, serial_shops,
          nicolae_shop_just_a_little_nook, grunt_ministairs_14,
          minmay_statues_item
Temple:   nicolae_temple_great_sept

Skill      XL: |  1  2  3  4  5 |
---------------+----------------+-----
Fighting       | 3 4 5 |  5.0
Ranged Weapons | 6 |  6.7
Dodging        | |  2.4
Stealth        | |  1.3

Action                     |  1- 3 |  4- 6 || total
---------------------------+-------+-------++-------
   Fire: Shortbow          |    35 |   101 ||   136
    Use: Scroll            |     2 |     5 ||     7
         Potion            |     2 |     2 ||     4
 Armour: Leather armour    |     1 |     5 ||     6
  Dodge: Dodged            |     4 |    23 ||    27

Table legend: (Time is in decaauts)
 A = Elapsed time spent in this place.
 B = Non-inter-level travel time spent in this place.
 C = Inter-level travel time spent in this place.
 D = Time resting spent in this place.
 E = Time spent auto-exploring this place.
 F = Levels seen in this place.
 G = Mean time per level.
                   A        B        C        D        E       F      G
               +--------+--------+--------+--------+--------+-----+--------+
         Total |   2997 |   2889 |    108 |    216 |   2389 |   5 |  599.4 |
       Dungeon |   2975 |   2879 |     96 |    216 |   2389 |   4 |  743.8 |
        Temple |     22 |     11 |     11 |      0 |      0 |   1 |   22.0 |
               +--------+--------+--------+--------+--------+-----+--------+

Top non-repeatable levels by time:
     D:3: 1120 daAuts
     D:2: 864 daAuts
     D:1: 805 daAuts
     D:4: 184 daAuts
  Temple: 22 daAuts
